 Dungeon Crawl Stone Soup version 0.23.0-3-gf3c87f2 (webtiles) character file.

Game seed: 10192553260149136132

213781 xccam the Fighter (level 18, 0/170 HPs)
             Began as a Troll Monk on Feb 24, 2019.
             Was the Champion of Ru.
             Slain by a shambling mangrove (16 damage)
             ... on level 4 of the Swamp.
             The game lasted 01:30:25 (30497 turns).

xccam the Fighter (Troll Monk)                     Turns: 30497, Time: 01:30:26

Health: 0/170      AC: 16    Str: 27    XL:     18   Next: 28%
Magic:  17/17      EV: 15    Int:  7    God:    Ru [******]
Gold:   3257       SH:  0    Dex: 18    Spells: 17/17 levels left

rFire    . . .     SeeInvis +     - Unarmed
rCold    + . .     Gourm    +   (no shield)
rNeg     . . .     Faith    .   y - +0 swamp dragon scales
rPois    +         Spirit   .   a - +2 hat {MR+}
rElec    +         Reflect  .   u - +2 cloak
rCorr    .         Harm     .   (gloves unavailable)
MR       +++..                  (boots unavailable)
Stlth    +.........             Z - amulet of Moodiness {Gourm rElec Dex+4 Slay+3 SInv}
HPRegen  0.78/turn              h - ring of protection from magic
MPRegen  0.15/turn              W - ring of protection from cold

@: grasped by roots, constricted
A: large, unfitting armour, claws 3, fast metabolism 3, frail 1, gourmand,
regeneration 1, shaggy fur 1, tough skin 3, hated by all, inability to train
armour, unskilled 1
}: 1/15 runes: gossamer
a: Draw Out Power, Power Leap, Apocalypse, Renounce Religion


You were on level 4 of the Swamp.
You worshipped Ru.
Ru was exalted by your worship.
You were not hungry.

You visited 6 branches of the dungeon, and saw 32 of its levels.
You also visited: Gauntlet.

You collected 3505 gold pieces.
You spent 248 gold pieces at shops.

Inventory:

Hand Weapons
 b - a +9 giant spiked club of electrocution
Missiles
 G - 70 large rocks (quivered)
Armour
 a - a +2 hat of magic resistance (worn)
 l - +4 gold dragon scales
 m - a +3 troll leather armour {Snorg}
 s - a +0 cloak of invisibility
 u - a +2 cloak (worn)
 w - a +0 shield of poison resistance
 y - +0 swamp dragon scales (worn)
 J - a scarf of cloud immunity
 P - +0 ice dragon scales
Jewellery
 e - a +5 amulet of reflection
 g - an uncursed ring of protection from fire
 h - a ring of protection from magic (left claw)
 i - an uncursed ring of protection from fire
 q - an uncursed ring of resist corrosion
 v - an uncursed ring of see invisible
 M - the ring of Bullu {rElec MP+9 Str+5}
   (You found it on level 12 of the Dungeon)

   [ring of magical power]

   It affects your strength (+5).
   It insulates you from electricity.
   It affects your magic capacity (+9).
 R - an uncursed amulet of the acrobat
 W - a ring of protection from cold (right claw)
 Y - a +2 ring of intelligence
 Z - the amulet of Moodiness (around neck) {Gourm rElec Dex+4 Slay+3 SInv}
   (You found it in a Gauntlet)

   [amulet of the gourmand]

   It allows you to eat raw meat even when not hungry.
   It affects your dexterity (+4).
   It affects your accuracy and damage with ranged weapons and melee attacks
   (+3).
   It insulates you from electricity.
   It lets you see invisible.
Wands
 j - a wand of disintegration (17)
 E - a wand of clouds (4)
 I - a wand of paralysis (12)
 K - a wand of iceblast (2)
 L - a wand of random effects (15)
 S - a wand of acid (14)
 U - a wand of digging (12)
 V - a wand of polymorph (11)
Scrolls
 c - 20 scrolls of remove curse
 d - 4 scrolls of magic mapping
 t - 3 scrolls of fog
 A - 22 scrolls of teleportation
 B - a scroll of blinking
 C - 2 scrolls of brand weapon
 F - 3 scrolls of holy word
 O - a scroll of fear
Potions
 f - a potion of berserk rage {unknown}
 k - 3 potions of heal wounds
 n - 6 potions of mutation
 o - 14 potions of curing
 p - a potion of brilliance
 r - 5 potions of flight
 z - 3 potions of cancellation
 D - 3 potions of lignification
 H - 3 potions of might {unknown}
 N - 2 potions of haste
 Q - 5 potions of agility
 T - a potion of magic
 X - 2 potions of invisibility
Comestibles
 x - 40 rations


   Skills:
 + Level 14.2 Fighting
 - Level 9.7 Maces & Flails
 - Level 7.1 Throwing
 + Level 13.2 Dodging
 - Level 0.9 Stealth
 + Level 9.4 Shields
 - Level 12.4 Unarmed Combat


You had 17 spell levels left.
You didn't know any spells.
Your spell library contained the following spells:

 Spells                   Type           Power        Failure   Level  Hunger
 Apportation              Tloc           #.....       56%         1    ##.....
 Beastly Appendage        Tmut           #.....       56%         1    ##.....
 Confusing Touch          Hex            #.....       56%         1    ##.....
 Corona                   Hex            #......      56%         1    ##.....
 Magic Dart               Conj           #...         56%         1    ##.....
 Pain                     Necr           #...         56%         1    ##.....
 Blink                    Tloc           N/A          71%         2    ###....
 Poisonous Vapours        Pois/Air       #.....       71%         2    ###....
 Slow                     Hex            #.......     71%         2    ###....
 Conjure Flame            Conj/Fire      #.......     91%         3    ####...
 Dazzling Spray           Conj/Hex       #.....       91%         3    ####...
 Inner Flame              Hex/Fire       #.......     91%         3    ####...
 Mephitic Cloud           Conj/Pois/Air  #.......     91%         3    ####...
 Portal Projectile        Hex/Tloc       #.....       91%         3    ####...
 Regeneration             Chrm/Necr      #.........   91%         3    ####...
 Spider Form              Tmut/Pois      #.........   91%         3    ####...
 Vampiric Draining        Necr           #.........   91%         3    ####...
 Cause Fear               Hex            #.........   100%        4    #####..
 Ice Form                 Ice/Tmut       #.......     100%        4    #####..
 Leda's Liquefaction      Hex/Erth       #.........   100%        4    #####..
 Blade Hands              Tmut           #.........   100%        5    ######.
 Freezing Cloud           Conj/Ice/Air   #.........   100%        6    #######
 Ring of Flames           Chrm/Fire      #.........   100%        7    #######
 Disjunction              Tloc           #.........   100%        8    #######
 Animate Skeleton         Necr           Unusable     N/A         1    N/A
 Summon Small Mammal      Summ           Unusable     N/A         1    N/A
 Call Imp                 Summ           Unusable     N/A         2    N/A
 Sticks to Snakes         Tmut           Unusable     N/A         2    N/A
 Animate Dead             Necr           Unusable     N/A         4    N/A
 Malign Gateway           Summ/Tloc      Unusable     N/A         7    N/A

Dungeon Overview and Level Annotations

Branches:
Dungeon (15/15)            Temple (1/1) D:6            Lair (6/6) D:11
  Swamp (4/4) Lair:3       Spider (4/4) Lair:4        Slime (0/5) Lair:5
    Orc (2/2) D:12            Elf (0/3) Orc:2        Vaults (0/5) D:13
 Depths (0/5) D:15

Altars:
Ashenzari
Cheibriados
Dithmenos
Elyvilon
Gozag
Hepliaklqana
Kikubaaqudgha
Makhleb
Ru
Sif Muna
Uskayaw
Xom
Yredelemnul
Zin
The Shining One
Beogh

Shops:
D:6 ?   D:11 [:   Orc:2 (*[:

Portals:
Hell: Lair:6
Trove: D:10 (give 5 scrolls of blinking)

Annotations:
D:7 Harold
D:11 1 exclusion


Innate Abilities, Weirdness & Mutations

You are too large for most types of armour.
You have claws for hands.
Your metabolism is lightning-fast.
You are frail. (-10% HP)
You like to eat raw meat.
Your natural rate of healing is unusually fast.
You are covered in fur. (AC +1)
You have extremely tough skin. (AC +3)
You are hated by all.
You cannot train Armour skill.
You are somewhat unskilled. (-1 Apt)


Message History

Unknown command.
The thorn hunter is no longer blind.
The thorn hunter begins to attack, but is stunned by your will!
The thorn hunter fires a volley of thorns at you.
The volley of thorns hits you!
* * * LOW HITPOINT WARNING * * *
The thorn hunter fires a volley of thorns at you.
The volley of thorns hits you!
* * * LOW HITPOINT WARNING * * *
The thorn hunter begins to attack, but is stunned by your will!
You enter the shallow water.
Moving in this stuff is going to be slow.
The thorn hunter gestures.
Thorny briars emerge from the ground!
The thorn hunter fires a volley of thorns at you.
The volley of thorns hits you!
* * * LOW HITPOINT WARNING * * *
Roots burst forth from the earth!
The grasping roots grab you!
You die...

♣♣♣ ♣. ♣♣♣♣♣♣.♣ ♣.≈
♣♣♣≈♣♣.≈.♣ ♣.≈≈
♣≈≈...≈≈.♣♣♣P≈≈≈
♣.≈..≈≈.♣♣≈PP≈≈≈
♣♣.≈...♣♣♣.≈PP.≈≈
♣.≈§≈≈.♣♣<≈.P♣§
♣♣♣♣..≈≈≈.♣.@.≈♣P...
♣♣≈....≈≈≈...≈≈.PP≈≈≈
♣≈≈≈...≈≈f≈.≈≈≈≈PP≈.≈
♣≈≈≈♣♣≈.≈≈≈..≈≈≈PP≈)≈
♣..♣♣♣♣≈f.≈≈≈≈.♣PP≈♣♣
♣≈≈≈......≈.♣♣♣♣≈..♣
♣≈≈≈≈..≈...♣♣ ♣♣♣♣
≈≈≈≈≈≈.≈≈..♣
♣.≈≈≈≈≈.....♣


You could see a thorn hunter and a shambling mangrove.

Vanquished Creatures
  Rupert (D:12)
  The ghost of EtherCrawl the Covert, an adept GnEn of Okawaru (Spider:3)
  The ghost of adept the Severer, an adept HOMo of Beogh (Spider:3)
  Gastronok (Lair:2)
  Frances (D:12)
  Agnes (Spider:1)
  Kirke (D:14)
  3 thorn hunters
  The ghost of Jaiteiro the Severer, a journeyman MiFi of Makhleb (Spider:3)
  2 orc warlords
  4 emperor scorpions (Spider:4)
  5 ghost moths
  2 stone giants (Orc:2)
  An entropy weaver (Spider:3)
  A minotaur (Gauntlet)
  2 spark wasps
  Azrael (D:15)
  2 dire elephants (Lair:6)
  Josephine (Orc:1)
  3 ettins (Orc:2)
  Snorg (D:11)
  Erolcha (D:12)
  14 hydras
  2 ice dragons (D:15)
  4 vault guards (D:13)
  A shambling mangrove (Swamp:3)
  6 centaur warriors
  6 ghost crabs (Swamp:2)
  A catoblepas (D:12)
  14 two-headed ogres
  14 alligators
  4 ogre magi
  4 death yaks
  2 tengu warriors
  Nergalle (Lair:2)
  5 skeletal warriors (D:15)
  A sixfirhy (Lair:6)
  5 swamp dragons
  A flayed ghost (D:10)
  3 spriggan druids (Swamp:2)
  An unseen horror (D:15)
  Pikel (D:8)
  17 orb spiders
  8 ugly things
  A wolf spider zombie (D:15)
  An orc sorcerer (Orc:2)
  16 cyclopes
  4 oklob plants (Lair:3)
  A moth of wrath (Spider:4)
  2 manticores
  19 wolf spiders
  4 apocalypse crabs (Swamp:2)
  13 elephants
  6 black mambas
  2 orange demons (Lair:6)
  19 spiny frogs
  A gargoyle (D:12)
  2 torpor snails
  3 komodo dragons
  4 rime drakes
  8 demonic crawlers
  A kobold demonologist (D:14)
  2 ice devils (Lair:6)
  4 trolls
  A hellwing (Lair:6)
  A tengu conjurer (D:15)
  A red devil (Lair:6)
  A queen bee (shapeshifter) (Gauntlet)
  11 tyrant leeches
  19 hornets
  A harpy skeleton (D:15)
  32 jumping spiders
  Prince Ribbit (Lair:2)
  A blink frog (shapeshifter) (D:15)
  6 bog bodies
  37 blink frogs
  18 slime creatures
  2 dream sheep (D:11)
  9 hippogriffs
  Sigmund (D:5)
  5 wyverns
  A vampire (D:12)
  10 wraiths
  62 redbacks
  6 shadows
  2 spriggans
  19 tarantellas
  A hog (D:14)
  2 fire bats (D:10)
  4 basilisks
  3 fire elementals (D:15)
  3 hungry ghosts
  A basilisk (shapeshifter) (D:15)
  45 yaks
  2 humans (D:14)
  A steam dragon (D:13)
  10 swamp worms
  2 vampire mosquitoes (Swamp:1)
  Menkaure (D:7)
  Edmund (D:6)
  9 insubstantial wisps
  3 wargs (Orc:1)
  2 acid dragons (D:12)
  15 water moccasins
  7 hell hounds
  7 porcupines
  3 phantoms
  25 orc warriors
  4 ice beasts
  3 black bears
  4 sky beasts
  5 swamp drakes
  An eye of draining (D:12)
  12 ogres
  12 centaurs
  16 crocodiles
  2 big kobolds (D:11)
  34 bullfrogs
  A wyvern skeleton (D:11)
  6 scorpions
  12 wights
  5 howler monkeys
  11 electric eels
  5 centaur zombies
  9 crimson imps
  5 bullfrog zombies
  8 hounds
  21 orc priests
  9 jellies
  Crazy Yiuf (D:7)
  6 bullfrog skeletons
  7 centaur skeletons
  6 iguanas
  25 orc wizards
  11 hell rats
  12 worker ants
  A killer bee zombie (D:5)
  2 hound skeletons
  2 mummies (D:9)
  3 worker ant zombies
  4 gnolls (D:6)
  2 howler monkey skeletons
  10 adders
  3 shadow imps
  A white imp (D:8)
  2 oozes
  2 adder zombies
  2 adder skeletons
  A worm (D:6)
  3 dart slugs
  5 leopard geckos
  98 orcs
  15 bats
  4 giant cockroaches
  5 goblins
  6 hobgoblins
  10 jackals
  A kobold (D:1)
  6 quokkas
  2 ball pythons
  5 frilled lizards
  6 rats
  A briar patch (Swamp:2)
  A fungus (Lair:2)
  3 plants
1118 creatures vanquished.

Vanquished Creatures (others)
  2 alligators
  A death yak (Gauntlet)
  A swamp dragon (Swamp:1)
  A spriggan druid (Swamp:2)
  A wizard (Lair:6)
  3 wolf spiders
  An elephant (Lair:5)
  A spiny frog (Lair:4)
  A troll (D:10)
  A hornet (Spider:4)
  3 redbacks
  A wraith (D:15)
  A tarantella (Spider:2)
  A porcupine (Lair:3)
  A hell hound (D:15)
  A swamp drake (Swamp:2)
  A necrophage (D:8)
  3 centaurs
  A bullfrog zombie (D:11)
  A bullfrog skeleton (D:12)
  3 orcs
  6 fungi
  A plant (Lair:6)
  3 withered plants (D:9)
40 creatures vanquished.

Grand Total: 1158 creatures vanquished

Notes
Turn   | Place    | Note
-------+----------+-------------------------------------------
     0 | D:1      | xccam the Troll Monk began the quest for the Orb.
     0 | D:1      | Reached XP level 1. HP: 22/22 MP: 0/0
    43 | D:1      | Reached XP level 2. HP: 28/29 MP: 1/1
   521 | D:1      | Reached XP level 3. HP: 36/36 MP: 2/2
   626 | D:2      | Found a hazy altar of Hepliaklqana.
   675 | D:2      | Reached skill level 5 in Unarmed Combat
   675 | D:2      | Reached XP level 4. HP: 43/44 MP: 3/3
  1398 | D:3      | You fall through a shaft!
  1400 | D:4      | Found a shattered altar of Ashenzari.
  1459 | D:4      | Reached XP level 5. HP: 50/50 MP: 4/4
  1479 | D:4      | Found an ancient bone altar of Kikubaaqudgha.
  1516 | D:4      | Noticed an ogre
  1523 | D:4      | Killed an ogre
  1601 | D:4      | Reached XP level 6. HP: 45/59 MP: 5/5
  1748 | D:4      | Reached skill level 1 in Armour
  1795 | D:4      | Found a snail-covered altar of Cheibriados.
  2006 | D:4      | Found a sacrificial altar of Ru.
  2039 | D:4      | Became a worshipper of Ru the Awakened
  2048 | D:4      | Gained mutation: You are frail. (-10% HP) [Ru sacrifice]
  2048 | D:4      | Reached * piety under Ru
  2048 | D:4      | Reached ** piety under Ru
  2110 | D:4      | Reached skill level 1 in Maces & Flails
  2217 | D:4      | Reached XP level 7. HP: 57/59 MP: 6/6
  2235 | D:4      | Reached skill level 3 in Fighting
  2693 | D:5      | Entered Level 5 of the Dungeon
  3111 | D:5      | Noticed Sigmund
  3114 | D:5      | Killed Sigmund
  3114 | D:5      | Reached XP level 8. HP: 70/70 MP: 7/7
  3438 | D:6      | Lost intelligence.
  3501 | D:6      | Found a shadowy altar of Dithmenos.
  3625 | D:6      | Found a staircase to the Ecumenical Temple.
  3634 | Temple   | Entered the Ecumenical Temple
  3759 | D:6      | Found Upru's Magic Scroll Emporium.
  3766 | D:6      | Bought a scroll of teleportation for 36 gold pieces
  3766 | D:6      | Bought a scroll of identify for 24 gold pieces
  3766 | D:6      | Bought a scroll of identify for 24 gold pieces
  3766 | D:6      | Bought a scroll of identify for 24 gold pieces
  3766 | D:6      | Bought a scroll of teleportation for 36 gold pieces
  3824 | D:6      | Found a shimmering altar of Xom.
  3828 | D:6      | Noticed Edmund
  3838 | D:6      | Killed Edmund
  3838 | D:6      | Reached skill level 4 in Fighting
  4086 | D:6      | Gained mutation: You cannot train Armour skill. [Ru
                  | sacrifice]
  4086 | D:6      | Reached *** piety under Ru
  4279 | D:6      | Reached XP level 9. HP: 53/76 MP: 8/8
  4450 | D:7      | Noticed Harold
  4481 | D:7      | Reached skill level 5 in Fighting
  4481 | D:7      | Reached skill level 5 in Dodging
  4496 | D:7      | Noticed Menkaure
  4504 | D:7      | Killed Menkaure
  4657 | D:7      | Found a runed translucent door.
  4658 | D:7      | Noticed Crazy Yiuf
  4723 | D:7      | Found a glowing silver altar of Zin.
  4789 | D:7      | Killed Crazy Yiuf
  5561 | D:8      | Found a glowing golden altar of the Shining One.
  5591 | D:8      | Noticed Pikel
  5599 | D:8      | Killed Pikel
  5599 | D:8      | Reached skill level 6 in Fighting
  5599 | D:8      | Reached XP level 10. HP: 86/88 MP: 9/9
  5742 | D:8      | Found a basalt altar of Yredelemnul.
  5826 | D:8      | Gained mutation: You are hated by all. [Ru sacrifice]
  5826 | D:8      | Reached **** piety under Ru
  5826 | D:8      | Reached ***** piety under Ru
  6177 | D:9      | Reached skill level 10 in Unarmed Combat
  6421 | D:9      | Identified the +3 morningstar "Gugid" {speed, Str+3}
  6612 | D:9      | Reached skill level 7 in Fighting
  6803 | D:9      | Reached skill level 5 in Maces & Flails
  6946 | D:10     | Entered Level 10 of the Dungeon
  7149 | D:10     | Gained mutation: You are somewhat unskilled. (-1 Apt) [Ru
                  | sacrifice]
  7149 | D:10     | Reduced skill Fighting to level 6
  7149 | D:10     | Reached ****** piety under Ru
  7211 | D:10     | Reached XP level 11. HP: 96/96 MP: 10/10
  7355 | D:10     | Found a portal to a secret trove of treasure.
  7478 | D:10     | Found a runed translucent door.
  7512 | D:10     | Found a sacrificial altar of Ru.
  7547 | D:10     | Found a hide-covered altar of Uskayaw.
  7559 | D:10     | Found a white marble altar of Elyvilon.
  7567 | D:10     | Noticed a flayed ghost
  7574 | D:10     | Killed a flayed ghost
  7585 | D:10     | Found a basalt altar of Yredelemnul.
  7597 | D:10     | Reached skill level 7 in Fighting
  7597 | D:10     | Reached skill level 10 in Unarmed Combat
  7608 | D:10     | Found a white marble altar of Elyvilon.
  7630 | D:10     | Found a shattered altar of Ashenzari.
  7644 | D:10     | Reached skill level 5 in Maces & Flails
  7850 | D:11     | Noticed Snorg
  7870 | D:11     | Killed Snorg
  7987 | D:11     | Paralysed by a hornet for 1 turns
  8269 | D:11     | Noticed a two-headed ogre
  8286 | D:11     | Killed a two-headed ogre
  8321 | D:11     | Found Moqod's Armour Shoppe.
  8859 | D:11     | Found Vaekau's Book Boutique.
  9121 | D:12     | Reached skill level 1 in Throwing
  9121 | D:12     | Reached XP level 12. HP: 102/107 MP: 11/11
  9265 | D:12     | Found a staircase to the Orcish Mines.
  9346 | D:12     | Reached skill level 8 in Fighting
  9392 | D:12     | Noticed Rupert
  9392 | D:12     | Noticed Erolcha
  9449 | D:12     | Killed Rupert
  9655 | D:12     | Noticed a tengu warrior
  9670 | D:12     | Killed a tengu warrior
  9729 | D:12     | Noticed an ogre mage
  9738 | D:12     | Killed an ogre mage
  9754 | D:12     | Noticed a catoblepas
  9782 | D:12     | Killed a catoblepas
  9885 | D:12     | Got a coiled granite ring
  9886 | D:12     | Identified the ring of Bullu {rElec MP+9 Str+5} (You found
                  | it on level 12 of the Dungeon)
  9904 | D:12     | Noticed a centaur warrior
  9914 | D:12     | Killed a centaur warrior
 10014 | D:12     | Noticed Frances
 10019 | D:12     | Killed Erolcha
 10027 | D:12     | Killed Frances
 10100 | D:12     | Reached XP level 13. HP: 117/117 MP: 12/12
 10574 | D:11     | Found a staircase to the Lair.
 10582 | Lair:1   | Entered Level 1 of the Lair of Beasts
 10616 | Lair:1   | Reached skill level 9 in Fighting
 11521 | Lair:2   | Noticed Gastronok
 11541 | Lair:2   | Killed Gastronok
 11581 | Lair:2   | Noticed Nergalle
 11591 | Lair:2   | Killed Nergalle
 11694 | Lair:2   | Noticed Prince Ribbit
 11708 | Lair:2   | Killed Prince Ribbit
 12178 | Lair:3   | Found a staircase to the Swamp.
 13938 | Lair:4   | Found a hole to the Spider Nest.
 13952 | Lair:4   | Reached XP level 14. HP: 89/126 MP: 13/13
 13953 | Lair:4   | Reached skill level 10 in Fighting
 14708 | Lair:5   | Found a staircase to the Slime Pits.
 14822 | Lair:5   | Reached skill level 10 in Dodging
 15088 | Lair:5   | Reached skill level 5 in Throwing
 15128 | Lair:6   | Entered Level 6 of the Lair of Beasts
 15851 | Lair:6   | Reached skill level 11 in Fighting
 16169 | Lair:6   | Found a burning altar of Makhleb.
 16225 | Lair:6   | Found a gateway to Hell.
 16538 | Orc:1    | Entered Level 1 of the Orcish Mines
 16538 | Orc:1    | Noticed Josephine
 16544 | Orc:1    | Killed Josephine
 16588 | Orc:1    | Noticed an orc warlord
 16603 | Orc:1    | Killed an orc warlord
 16603 | Orc:1    | Reached XP level 15. HP: 69/138 MP: 14/14
 16972 | Orc:2    | Entered Level 2 of the Orcish Mines
 16972 | Orc:2    | Found Egywk's Antique Armour Shoppe.
 16973 | Orc:2    | Found a staircase to the Elven Halls.
 16978 | Orc:2    | Found Fallakluru's General Store.
 17158 | Orc:2    | Bought a potion of curing for 39 gold pieces
 17158 | Orc:2    | Bought a scroll of identify for 26 gold pieces
 17158 | Orc:2    | Bought a scroll of teleportation for 39 gold pieces
 17236 | Orc:2    | Found Houtuerph's Book Shop.
 17409 | Orc:2    | Noticed an orc warlord
 17464 | Orc:2    | Killed an orc warlord
 17717 | Orc:2    | Found Jifoa's Antique Weapon Shoppe.
 17787 | Orc:2    | Found a roughly hewn altar of Beogh.
 18125 | D:13     | Reached skill level 12 in Fighting
 18239 | D:13     | Found a gate to the Vaults.
 18733 | D:14     | Found a gate leading to a gauntlet.
 18745 | Gauntlet | Entered a Gauntlet
 18745 | Gauntlet | Found a transporter.
 18755 | Gauntlet | Found a transporter.
 18759 | Gauntlet | Found a runed translucent door.
 18767 | Gauntlet | Found a runed translucent door.
 18770 | Gauntlet | Found a transporter.
 18772 | Gauntlet | Found a transporter.
 18785 | Gauntlet | Found a transporter.
 18798 | Gauntlet | Found a runed translucent gate.
 18799 | Gauntlet | Found a transporter.
 18799 | Gauntlet | Found a runed translucent gate.
 18800 | Gauntlet | Found a runed translucent gate.
 18803 | Gauntlet | Found a transporter.
 18815 | Gauntlet | Found a transporter.
 18821 | Gauntlet | Found a transporter.
 18836 | Gauntlet | Found a transporter.
 18843 | Gauntlet | Found a transporter.
 18849 | Gauntlet | Found a transporter.
 18873 | Gauntlet | Found a transporter.
 18877 | Gauntlet | Found a transporter.
 19046 | Gauntlet | Got a shimmering bronze amulet
 19049 | Gauntlet | Identified the amulet of Moodiness {Gourm rElec Dex+4
                  | Slay+3 SInv} (You found it in a Gauntlet)
 19078 | Gauntlet | Identified the ring "Piframib" {Int+4 Stlth+}
 19098 | Gauntlet | Identified the Grimoire of Ensnaring Translocation
 19195 | D:14     | Identified 2 scrolls of acquirement
 19382 | D:14     | Noticed Kirke
 19393 | D:14     | Killed Kirke
 19694 | D:15     | Entered Level 15 of the Dungeon
 19775 | D:15     | Found an opulent altar of Gozag.
 19836 | D:15     | Reached XP level 16. HP: 98/150 MP: 15/15
 19917 | D:15     | Noticed Azrael
 19941 | D:15     | Reached skill level 1 in Shields
 19951 | D:15     | Killed Azrael
 20131 | D:15     | Found a staircase to the Depths.
 20509 | D:15     | Reached skill level 5 in Shields
 20950 | Spider:1 | Entered Level 1 of the Spider Nest
 20982 | Spider:1 | Noticed Agnes
 21010 | Spider:1 | Killed Agnes
 22578 | Spider:2 | Reached skill level 13 in Fighting
 23513 | Spider:3 | Found a runed translucent gate.
 23519 | Spider:3 | Found a runed translucent gate.
 23566 | Spider:3 | Found a runed translucent gate.
 23567 | Spider:3 | Noticed EtherCrawl's ghost (adept GnEn)
 23567 | Spider:3 | Noticed adept's ghost (adept HOMo)
 23567 | Spider:3 | Noticed Jaiteiro's ghost (journeyman MiFi)
 23603 | Spider:3 | Killed Jaiteiro's ghost
 23617 | Spider:3 | Killed adept's ghost
 23617 | Spider:3 | Reached XP level 17. HP: 83/160 MP: 16/16
 23648 | Spider:3 | Killed EtherCrawl's ghost
 23998 | Spider:4 | Entered Level 4 of the Spider Nest
 26034 | Spider:4 | Got a gossamer rune of Zot
 26250 | Swamp:1  | Entered Level 1 of the Swamp
 26952 | Swamp:1  | Found a deep blue altar of Sif Muna.
 27548 | Swamp:2  | Found a runed translucent door.
 27941 | Swamp:2  | Reached skill level 14 in Fighting
 28202 | Swamp:2  | Reached XP level 18. HP: 161/170 MP: 17/17
 29678 | Swamp:3  | Paralysed by a hornet for 3 turns
 30434 | Swamp:4  | Entered Level 4 of the Swamp
 30497 | Swamp:4  | Slain by a shambling mangrove

Skill      XL: |  1  2  3  4  5  6  7  8  9 10 11 12 13 14 15 16 17 |
---------------+----------------------------------------------------+-----
Unarmed Combat | 4 5 6 7 8 9 9 10 11 12 | 12.4
Armour         | 1 2 0 |  0.0
Maces & Flails | 1 2 4 4 5 6 7 8 9 |  9.7
Fighting       | 3 4 6 6 7 8 9 11 12 13 14 | 14.2
Dodging        | 3 4 6 6 7 8 9 10 11 12 13 | 13.2
Stealth        | 0 |  0.9
Throwing       | 1 3 4 6 7 |  7.1
Shields        | 7 9 |  9.4

Action                   |  1- 3 |  4- 6 |  7- 9 | 10-12 | 13-15 | 16-18 || total
-------------------------+-------+-------+-------+-------+-------+-------++-------
Melee: Unarmed           |    83 |   139 |   309 |   724 |  1172 |  1374 ||  3801
       Punch             |     2 |     2 |    14 |    39 |   104 |    47 ||   208
       Giant spiked club |       |       |       |       |    24 |    42 ||    66
Throw: Large rock        |       |       |       |     9 |    29 |    23 ||    61
Invok: Sacrifice Health  |       |     1 |       |       |       |       ||     1
       Sacrifice Durabil |       |       |     1 |       |       |       ||     1
       Power Leap        |       |       |       |     3 |     4 |    11 ||    18
       Sacrifice Love    |       |       |       |     1 |       |       ||     1
       Sacrifice Skill   |       |       |       |     1 |       |       ||     1
       Apocalypse        |       |       |       |     1 |     5 |     1 ||     7
       Draw Out Power    |       |       |       |       |       |     1 ||     1
Evoke: Wand              |       |       |     1 |    12 |     4 |     6 ||    23
  Use: Scroll            |       |     8 |     8 |     4 |    21 |    16 ||    57
       Potion            |       |       |       |     3 |     1 |     7 ||    11
 Stab: Sleeping          |     2 |     4 |     7 |     1 |     4 |       ||    18
       Distracted        |       |       |     1 |     2 |    10 |     5 ||    18
       Invisible         |       |       |       |     7 |    14 |    29 ||    50
       Paralysed         |       |       |       |     5 |    32 |    10 ||    47
       Petrified         |       |       |       |     5 |       |       ||     5
       Petrifying        |       |       |       |     1 |       |       ||     1
  Eat: Chunk             |     6 |    17 |    34 |    45 |    81 |    81 ||   264
       Ration            |       |       |       |     1 |     2 |     6 ||     9
Armor: Robe              |    28 |    40 |    84 |    34 |       |       ||   186
       Troll leather arm |       |       |       |   157 |   215 |   284 ||   656
       Gold dragon scale |       |       |       |       |     5 |       ||     5
       Skin              |       |       |       |       |       |     5 ||     5
       Swamp dragon scal |       |       |       |       |       |   160 ||   160
Dodge: Dodged            |    47 |    33 |   136 |   306 |   595 |  1050 ||  2167
Block: Other             |    11 |    19 |    54 |   113 |   155 |       ||   352
       Reflection        |       |     1 |       |     7 |     6 |       ||    14
       Shield            |       |       |       |       |       |   466 ||   466
